 Dungeon Crawl Stone Soup version 0.26-a0-1060-g086102a3f0 (webtiles) character file.

Game seed: 845341852412589429

546 sokol815 the Slasher (level 7, -2/50 HPs)
             Began as an Octopode Fighter on Dec 13, 2020.
             Killed from afar by Blork the orc (9 damage)
             ... with a magic dart
             ... on level 4 of the Dungeon.
             The game lasted 00:05:42 (3965 turns).

sokol815 the Slasher (Octopode Fighter)             Turns: 3965, Time: 00:05:42

Health: -2/50      AC:  1    Str: 16    XL:     7   Next: 28%
Magic:  7/7        EV: 12    Int: 10    God:
Gold:   122        SH:  9    Dex: 13    Spells: 6/6 levels left

rFire    . . .     SeeInvis .   a - +0 long sword
rCold    . . .     Faith    .   b - +0 kite shield
rNeg     . . .     Spirit   .   (helmet restricted)
rPois    .         Reflect  .   (no amulet)
rElec    .         Harm     .   (no ring)
rCorr    .         Rampage  .   (no ring)
Will     .....                  (no ring)
Stlth    ++........             (no ring)
HPRegen  0.16/turn              (no ring)
MPRegen  0.10/turn              (no ring)
                                (no ring)
                                (no ring)

@: no status effects
A: almost no armour, stealthy swim, amphibious, 8 rings, constrict 8, camouflage
1, gelatinous body 1
a: no special abilities


You were on level 4 of the Dungeon.
You visited 1 branch of the dungeon, and saw 4 of its levels.

You collected 122 gold pieces.

Inventory:

Hand Weapons
 a - a +0 long sword (weapon)
 d - a +0 spear
 l - a +3 dagger
Missiles
 f - 157 stones (quivered)
 g - 33 arrows
 h - 40 poisoned darts
 j - 14 boomerangs
 k - 8 bolts
 s - 11 sling bullets
Armour
 b - a +0 kite shield (worn)
Wands
 m - a wand of paralysis (13)
Scrolls
 o - 2 scrolls of teleportation
 q - a scroll of remove curse
 t - a scroll of amnesia {unknown}
 u - a scroll of enchant armour {unknown}
Potions
 c - a potion of might
 e - a potion of resistance {unknown}
 i - 2 potions of degeneration {unknown}
 n - 2 potions of haste {unknown}
 p - 2 potions of brilliance {unknown}
 r - a potion of experience {unknown}
 v - a potion of curing {unknown}
 w - a potion of heal wounds {unknown}


   Skills:
 + Level 5.2 Fighting
 * Level 6.4 Long Blades
 - Level 3.0 Dodging
 - Level 3.0 Shields


You had 6 spell levels left.
You didn't know any spells.
Your spell library was empty.

Dungeon Overview and Level Annotations

Branches:
Dungeon (4/15)
 Temple: D:4-7

Altars:

Annotations:
D:3 Ijyb
D:4 Blork the orc


Innate Abilities, Weirdness & Mutations

You cannot wear most types of armour.
You are very stealthy in the water. (Stealth+)
You are amphibious.
You can wear up to eight rings at the same time.
You can use your tentacles to constrict eight enemies at once.
Your skin changes colour to match your surroundings (Stealth+).
Your rubbery body absorbs attacks. (AC +1, EV +1)


Message History

You hear a shout!
You have reached level 7!
You hit the jackal skeleton. You grab the jackal skeleton.
You squeeze the jackal skeleton, but do no damage.
The jackal skeleton is moderately damaged.
You constrict the jackal skeleton. The jackal skeleton bites you.
* * * LOW HITPOINT WARNING * * *
You release your grip on the jackal skeleton.
You block the jackal skeleton's attack.
The howler monkey hoots and howls with incredible vigour!
The howler monkey hoots and howls with incredible vigour!
You hear a howl!
You hear a shout!
A howler monkey comes into view.
The howler monkey howls!
The howler monkey hoots and howls with incredible vigour!
Blork the orc comes into view.
He is wielding a +0 mace.
Blork the orc looks satisfied for a moment.
Blork the orc casts a spell at you. The magic dart hits you!
You die...

#######.#.### .. ##.<#########
#.###..#.......#
###...[>.#.#####.### ######
#.........#.##......########.....
#.##.####...........##.......# ..
#.........h..Z.....#.#### ...
#...[o....#.##)#........# ..
#.......@.#h##.#####.##.# .
#...........##.#####.....
#.........####..Zh...##.#
#.........# #######.# #
#.......<.# #.# .............#
#.# .........#.#... #.#
.....###.#.###.. #.. ####. ....#
.. ###


You could see Blork the orc and a howler monkey.

Vanquished Creatures
  Sigmund (D:3)
  Edmund (D:4)
  Crazy Yiuf (D:3)
  Jessica (D:3)
  Natasha (thrice) (D:3)
  A worker ant (D:4)
  2 adders (D:2)
  An ooze (D:1)
  An adder skeleton (D:4)
  3 worms (D:2)
  3 dart slugs
  3 leopard geckos
  6 orcs (D:3)
  3 giant cockroaches (D:2)
  6 goblins
  8 hobgoblins
  3 jackals (D:3)
  A quokka (D:2)
  7 bats
  4 frilled lizards
  10 kobolds
  7 rats
76 creatures vanquished.

Notes
Turn   | Place    | Note
-------+----------+-------------------------------------------
     0 | D:1      | sokol815 the Octopode Fighter began the quest for the Orb.
     0 | D:1      | Reached XP level 1. HP: 16/16 MP: 1/1
   293 | D:1      | Reached XP level 2. HP: 21/21 MP: 2/2
   896 | D:1      | Reached skill level 3 in Long Blades
   896 | D:1      | Reached XP level 3. HP: 24/26 MP: 3/3
  1524 | D:2      | Reached XP level 4. HP: 21/32 MP: 4/4
  1797 | D:2      | Found a faded altar of an unknown god.
  2400 | D:3      | Noticed Ijyb
  2451 | D:3      | Noticed Sigmund
  2456 | D:3      | Killed Sigmund
  2457 | D:3      | Reached skill level 5 in Long Blades
  2457 | D:3      | Reached XP level 5. HP: 38/38 MP: 5/5
  2457 | D:3      | Reached XP level 6. HP: 44/44 MP: 6/6
  2466 | D:3      | Found a runed translucent door.
  2467 | D:3      | Noticed Crazy Yiuf
  2476 | D:3      | Killed Crazy Yiuf
  2682 | D:3      | Noticed Jessica
  2687 | D:3      | Killed Jessica
  2970 | D:3      | Noticed Natasha
  2977 | D:3      | Killed Natasha
  3369 | D:3      | Noticed Natasha
  3375 | D:3      | Killed Natasha
  3664 | D:3      | Noticed Natasha
  3671 | D:3      | Killed Natasha
  3862 | D:4      | Reached skill level 5 in Fighting
  3862 | D:4      | Reached skill level 6 in Long Blades
  3925 | D:4      | Noticed Edmund
  3944 | D:4      | Killed Edmund
  3945 | D:4      | Reached XP level 7. HP: 4/50 MP: 7/7
  3963 | D:4      | Noticed Blork the orc
  3965 | D:4      | Killed from afar by Blork the orc

Illustrated notes

Levels and vault maps discovered:
D:1:      co_arrival_random_square_maze, layout_basic, serial_curves,
          eino_curves_02, eino_curves_01, eino_curves_02, eino_curves_02,
          chequers_serial_rivers_marsh
D:2:      layout_basic, chequers_ecumenical_altar_twisty
D:3:      layout_loops_corners, uniq_ijyb, uniq_crazy_yiuf_cottage,
          uniq_natasha, uniq_sigmund, uniq_jessica
D:4:      layout_loops_cross, minmay_crossroads, uniq_blork_the_orc, uniq_edmund

Skill      XL: |  1  2  3  4  5  6 |
---------------+-------------------+-----
Long Blades    | 3 5 6 |  6.4
Fighting       | 4 5 |  5.2
Dodging        | |  3.0
Shields        | |  3.0

Action                   |  1- 3 |  4- 6 |  7- 9 || total
-------------------------+-------+-------+-------++-------
Melee: Long sword        |    65 |    86 |     1 ||   152
       Constrict         |    16 |    21 |     1 ||    38
       Tentacles         |    13 |    20 |     1 ||    34
  Use: Scroll            |     1 |     1 |       ||     2
       Potion            |       |     1 |       ||     1
 Stab: Sleeping          |     5 |     8 |       ||    13
Armor: Skin              |     3 |     3 |       ||     6
Dodge: Dodged            |    21 |    33 |       ||    54
Block: Kite shield       |    26 |    30 |     1 ||    57
       Rpst.: Long sword |    11 |     7 |       ||    18

Table legend: (Time is in decaauts)
 A = Elapsed time spent in this place.
 B = Non-inter-level travel time spent in this place.
 C = Inter-level travel time spent in this place.
 D = Time resting spent in this place.
 E = Time spent auto-exploring this place.
 F = Levels seen in this place.
 G = Mean time per level.
                   A        B        C        D        E       F      G
               +--------+--------+--------+--------+--------+-----+--------+
         Total |   4017 |   3747 |    270 |    745 |   2435 |   4 | 1004.2 |
       Dungeon |   4017 |   3747 |    270 |    745 |   2435 |   4 | 1004.2 |
               +--------+--------+--------+--------+--------+-----+--------+

Top non-repeatable levels by time:
     D:3: 1470 daAuts
     D:2: 1294 daAuts
     D:1: 1093 daAuts
     D:4: 159 daAuts
